 Dungeon Crawl Stone Soup version 0.27-a0-1391-g48c30b3128 (webtiles) character file.

Game seed: 13220957299011878506

98 Kinoniko the Chopper (level 4, -4/58 HPs)
             Began as a Minotaur Berserker on July 1, 2021.
             Was a Believer of Trog.
             Slain by Grinder (5 damage)
             ... while paralysed by Grinder
             ... on level 3 of the Dungeon.
             The game lasted 00:01:56 (2527 turns).

Kinoniko the Chopper (Minotaur Berserker)           Turns: 2527, Time: 00:01:56

Health: -4/58      AC:  6    Str: 21    XL:     4   Next: 44%
Magic:  3/3        EV:  2    Int:  5    God:    Trog [**....]
Gold:   124        SH:  0    Dex: 10    Spells: 3/3 levels left

rFire    . . .     SeeInvis .   a - +0 hand axe
rCold    . . .     Faith    .   (no shield)
rNeg     . . .     Spirit   .   j - +0 ring mail
rPois    .         Reflect  .   g - +1 hat
rElec    .         Harm     .   (no cloak)
rCorr    .         Rampage  .   (no gloves)
Will     .....                  (no boots)
Stlth    ..........             (no amulet)
HPRegen  0.19/turn              (no ring)
MPRegen  0.08/turn              (no ring)

@: paralysed, berserking (expiring)
A: horns 2, retaliatory headbutt
a: Renounce Religion, Berserk, Trog's Hand


You were on level 3 of the Dungeon.
You worshipped Trog.
Trog was pleased with you.
You visited 1 branch of the dungeon, and saw 3 of its levels.

You collected 124 gold pieces.

Inventory:

Hand Weapons
 a - a +0 hand axe (weapon)
Armour
 b - a +0 animal skin
 g - a +1 hat (worn)
 j - a +0 ring mail (worn)
Jewellery
 l - a ring of wizardry
Wands
 f - a wand of flame (20)
Scrolls
 c - 2 scrolls of identify {unknown}
 e - a scroll of enchant weapon {unknown}
 i - a scroll of torment {unknown}
 m - a scroll of vulnerability {unknown}
Potions
 d - a potion of invisibility {unknown}
 h - a potion of curing {unknown}
 k - a potion of magic {unknown}
 n - 2 potions of heal wounds {unknown}


   Skills:
 - Level 3.6 Fighting
 * Level 6.4 Axes
 - Level 2.4 Armour
 - Level 2.1 Dodging


You had 3 spell levels left.
You didn't know any spells.
Your spell library was empty.

Dungeon Overview and Level Annotations

Branches:
Dungeon (3/15)

Altars:
Vehumet

Annotations:
D:3 Grinder


Innate Abilities, Weirdness & Mutations

You have a pair of horns on your head.
You reflexively headbutt those who attack you in melee.


Message History

Grinder is nearby!
Grinder hits you!
You writhe in agony.
A red film seems to cover your vision as you go berserk!
You feel yourself moving faster!
You feel mighty! Grinder gestures at you.
You suddenly lose the ability to move!
Grinder hits you.
You writhe in agony.
A hobgoblin comes into view. x2
You can move again.
The hobgoblin shouts! x2
You hit Grinder.
Grinder is lightly wounded.
Grinder barely misses you.
Your ring mail prevents you from hitting Grinder.
You headbutt Grinder.
Grinder is lightly wounded.
You barely miss Grinder.
Grinder is lightly wounded.
Grinder hits you.
You writhe in agony.
You closely miss Grinder.
Grinder is lightly wounded.
Grinder hits you.
You writhe in agony.
You hit Grinder but do no damage.
Grinder is lightly wounded.
You hit Grinder.
Grinder is moderately wounded.
Grinder hits you.
You writhe in agony.
* * * LOW HITPOINT WARNING * * *
You completely miss Grinder. Your headbutt misses Grinder.
Grinder is moderately wounded.
Grinder gestures at you.
You suddenly lose the ability to move!
Grinder hits you.
* * * LOW HITPOINT WARNING * * *
You writhe in agony.
* * * LOW HITPOINT WARNING * * *
Grinder hits you!
* * * LOW HITPOINT WARNING * * *
You writhe in agony.
You die...

### ### #.. ..# ## #.#
#.# .# #.# #.# .#### #.#
#.# ....####.#### #.#
.##.#.......###.#####..#
.##.#.##.##.....@5gg....
.#....##.##.#######....#
)..#........# .##
.#....##.##.#
.#...........
.#..#.......#
#...####.#### ....... .#
....### #


You could see Grinder and 2 hobgoblins.

Vanquished Creatures
  An iguana (D:3)
  2 adders (D:2)
  6 bats
  9 endoplasms
  3 giant cockroaches
  5 goblins
  5 hobgoblins
  3 quokkas
  6 ball pythons
  3 frilled lizards
  5 kobolds
  3 rats
51 creatures vanquished.

Notes
Turn   | Place    | Note
-------+----------+-------------------------------------------
     0 | D:1      | Kinoniko the Minotaur Berserker began the quest for the
                  | Orb.
     0 | D:1      | Reached XP level 1. HP: 19/19 MP: 0/0
    33 | D:1      | Reached skill level 4 in Axes
   268 | D:1      | Reached XP level 2. HP: 20/26 MP: 1/1
   445 | D:1      | Found a faded altar of an unknown god.
   544 | D:1      | Reached ** piety under Trog
   628 | D:1      | Reached skill level 5 in Axes
  1025 | D:2      | Reached XP level 3. HP: 30/31 MP: 2/2
  1063 | D:2      | HP: 1/31 [poisoned by an adder]
  1724 | D:2      | Found a radiant altar of Vehumet.
  2291 | D:3      | Reached XP level 4. HP: 37/37 MP: 3/3
  2298 | D:3      | Reached skill level 6 in Axes
  2513 | D:3      | Noticed Grinder
  2517 | D:3      | Paralysed by Grinder for 2 turns
  2525 | D:3      | Paralysed by Grinder for 5 turns
  2527 | D:3      | HP: 1/58 [Grinder (8)]
  2527 | D:3      | Slain by Grinder

Illustrated notes

Levels and vault maps discovered:
D:1:      dpeg_arrival_central, layout_loops_ring, ebering_ecumenical_altar_rust
D:2:      layout_loops_cross, basic_altar, kennysheep_nondescript,
          grunt_ministairs_11
D:3:      layout_loops_ring, uniq_grinder, uniq_natasha,
          uniq_crazy_yiuf_cottage, uniq_jessica

Skill      XL: |  1  2  3  4 |
---------------+-------------+-----
Axes           | 4 5 6 |  6.4
Fighting       | |  3.6
Armour         | |  2.4
Dodging        | |  2.1

Action                   |  1- 3 |  4- 6 || total
-------------------------+-------+-------++-------
Melee: Hand axe          |    87 |    25 ||   112
       Headbutt          |    14 |     4 ||    18
Invok: Berserk           |     1 |     1 ||     2
 Stab: Sleeping          |     1 |       ||     1
Armor: Animal skin       |    10 |       ||    10
       Ring mail         |    10 |     8 ||    18
Dodge: Dodged            |    56 |    11 ||    67

Table legend: (Time is in decaauts)
 A = Elapsed time spent in this place.
 B = Non-inter-level travel time spent in this place.
 C = Inter-level travel time spent in this place.
 D = Time resting spent in this place.
 E = Time spent auto-exploring this place.
 F = Levels seen in this place.
 G = Mean time per level.
                   A        B        C        D        E       F      G
               +--------+--------+--------+--------+--------+-----+--------+
         Total |   2536 |   2474 |     62 |    292 |   1878 |   3 |  845.3 |
       Dungeon |   2536 |   2474 |     62 |    292 |   1878 |   3 |  845.3 |
               +--------+--------+--------+--------+--------+-----+--------+

Top non-repeatable levels by time:
     D:2: 1087 daAuts
     D:1: 1016 daAuts
     D:3: 432 daAuts
